AoeStats
← lyonnais--86

Arena

510540077Analyzed
4v4 RM · 10h ago on Oct 1, 2026· 54m 3s· 8 players
Game mode
Random Map
Map size
Large (8 player)
Population
200
Speed
Normal
Resources
Standard
Victory
Conquest
Starting age
Dark Age
Ending age
Imperial Age
RankedLock teamsTeams togetherTeam positionsShared explorationLock speedFull tech treeHidden civsTurbo modeCheats
Victory
Defeat
🇫🇷 Khmer · France
942
+17
🇫🇷 Sicilians · France
923
+17
🇪🇸 Celts · Spain
921
+17
🇦🇿 Persians · Azerbaijan
906
+18
🇫🇷 Hindustanis · France
1401
-31
🇫🇷 Vietnamese · France
939
-18
🇫🇷 Varangians · France
786
-11
🇫🇷 Italians · France
751
-9
lyonnais--86
10:30 Feudal Age
13:57 Castle Age
12:47 Double-Bit Axe
13:27 Horse Collar
15:13 Bow Saw
18:05 Loom
24:33 Wheelbarrow
25:14 Gold Mining
25:27 Heavy Plow
27:30 Gold Shaft Mining
27:19 Hand Cart
27:19 Stone Mining
31:18 Imperial Age
30:16 Scale Barding Armor
30:21 Forging
30:39 Town Watch
31:28 Husbandry
31:40 Bloodlines
31:50 Elite Battle Elephant
34:25 Tusk Swords
35:16 Chain Barding Armor
35:32 Conscription
36:26 Iron Casting
35:59 Town Patrol
35:56 Capped Ram
38:59 Plate Barding Armor
39:38 Blast Furnace
44:29 Siege Ram
46:00 Light Cavalry
razors-38i
10:33 Feudal Age
14:40 Castle Age
12:42 Double-Bit Axe
14:21 Horse Collar
24:34 Wheelbarrow
24:13 Bow Saw
23:57 Gold Mining
28:43 Imperial Age
27:48 Gold Shaft Mining
27:04 Stone Mining
29:48 Stone Shaft Mining
29:36 Bloodlines
29:26 Husbandry
29:48 Cavalier
30:27 Gambesons
30:43 Squires
31:07 Forging
31:02 Scale Barding Armor
31:25 Hand Cart
31:01 Pikeman
32:40 Iron Casting
32:43 First Crusade
33:08 Scale Mail Armor
33:27 Elite Serjeant
35:12 Blast Furnace
35:07 Conscription
34:15 Capped Ram
36:09 Chain Mail Armor
37:10 Chain Barding Armor
38:19 Siege Ram
40:11 Fletching
40:22 Padded Archer Armor
40:34 Elite Skirmisher
41:33 Heavy Plow
44:09 Siege Engineers
45:06 Chemistry
46:51 Plate Mail Armor
46:18 Bodkin Arrow
46:38 Leather Archer Armor
46:24 Arson
48:40 Halberdier
53:20 Plate Barding Armor
52:47 Bracer
53:58 Hauberk
54:11 Masonry
54:23 Ballistics
Daoiz1802
11:41 Feudal Age
12:25 Double-Bit Axe
15:32 Loom
18:02 Castle Age
16:35 Stone Mining
16:41 Gold Mining
16:36 Horse Collar
20:20 Stone Shaft Mining
20:11 Fervor
24:15 Murder Holes
24:41 Ballistics
26:28 Forging
31:29 Iron Casting
30:54 Scale Mail Armor
35:44 Imperial Age
35:36 Stronghold
36:58 Chain Mail Armor
38:02 Fletching
40:47 Wheelbarrow
42:13 Chemistry
41:19 Siege Engineers
42:22 Hand Cart
42:23 Furor Celtica
43:01 Elite Woad Raider
47:09 Blast Furnace
49:17 Gold Shaft Mining
49:09 Caravan
50:36 Plate Mail Armor
51:38 Heavy Scorpion
52:43 Onager
Russia05
11:11 Feudal Age
17:56 Castle Age
16:11 Double-Bit Axe
17:54 Wheelbarrow
17:01 Horse Collar
17:26 Gold Mining
17:27 Loom
19:29 Bow Saw
23:58 Husbandry
27:55 Forging
27:51 Scale Barding Armor
28:11 Hand Cart
31:38 Imperial Age
30:26 Iron Casting
30:52 Chain Barding Armor
31:18 Gold Shaft Mining
31:09 Masonry
31:22 Fletching
31:33 Padded Archer Armor
32:04 Ballistics
31:43 Murder Holes
32:16 Bloodlines
32:32 Conscription
33:00 Caravan
33:03 Heavy Camel Rider
33:43 Stone Mining
34:29 Squires
33:51 Pikeman
35:35 Blast Furnace
36:24 Cavalier
37:11 Kamandaran
36:35 Crossbowman
37:21 Thumb Ring
37:55 Plate Barding Armor
37:15 Bodkin Arrow
37:36 Leather Archer Armor
37:22 Scale Mail Armor
39:22 Two-Man Saw
39:32 Chemistry
40:23 Arson
42:44 Savar
45:28 Stone Shaft Mining
46:59 Ring Archer Armor
46:45 Chain Mail Armor
46:53 Halberdier
46:56 Man-at-Arms
50:55 Hoardings
51:03 Hoardings
Elyo61
3:30 Loom
4:06 Loom
12:04 Feudal Age
19:47 Castle Age
18:00 Horse Collar
19:22 Double-Bit Axe
22:11 Wheelbarrow
25:37 Bow Saw
29:43 Hand Cart
29:22 Gold Mining
30:57 Stone Mining
31:15 Man-at-Arms
33:56 Heavy Plow
37:03 Pikeman
41:10 Imperial Age
41:22 Halberdier
42:57 Forging
42:48 Scale Mail Armor
XxAlexyzFxX42
13:18 Feudal Age
17:56 Castle Age
17:36 Double-Bit Axe
18:06 Fletching
18:17 Padded Archer Armor
24:06 Husbandry
26:23 Gold Mining
33:39 Wheelbarrow
37:09 Hand Cart
37:29 Bow Saw
41:58 Bodkin Arrow
42:18 Leather Archer Armor
49:48 Bloodlines
Actiweed1
0:27 Loom
12:49 Feudal Age
14:27 Wheelbarrow
13:36 Horse Collar
13:45 Double-Bit Axe
21:06 Castle Age
19:41 Padded Archer Armor
19:52 Forging
19:45 Fletching
19:49 Gold Mining
22:05 Hand Cart
21:54 Heavy Plow
22:11 Bow Saw
23:00 Squires
24:18 Crossbowman
26:43 Pikeman
27:30 Scale Mail Armor
30:36 Thumb Ring
30:49 Leather Archer Armor
31:10 Iron Casting
30:50 Chain Mail Armor
30:31 Bodkin Arrow
31:45 Ballistics
36:36 Imperial Age
33:57 Town Watch
36:38 Arson
37:19 Fortified Wall
37:05 Murder Holes
37:21 Masonry
36:52 Treadmill Crane
39:08 Chemistry
37:50 Treadmill Crane
39:20 Crop Rotation
39:52 Two-Man Saw
40:50 Halberdier
42:13 Bracer
43:56 Plate Mail Armor
43:57 Arbalester
45:19 Town Patrol
49:36 Elite Rattan Archer
51:44 Paper Money
53:02 Elite Skirmisher
WitchenCats
11:11 Feudal Age
15:14 Castle Age
13:32 Double-Bit Axe
13:30 Horse Collar
18:02 Bow Saw
17:49 Town Watch
18:37 Loom
21:58 Wheelbarrow
22:09 Gold Mining
22:50 Fletching
23:57 Heavy Plow
28:30 Imperial Age
26:31 Scale Barding Armor
27:01 Forging
27:22 Bloodlines
28:28 Chain Barding Armor
28:04 Bodkin Arrow
29:04 Iron Casting
29:03 Husbandry
30:03 Hand Cart
29:27 Heavy Camel Rider
32:09 Plate Barding Armor
32:06 Conscription
35:39 Chemistry
34:41 Padded Archer Armor
34:41 Bracer
35:35 Imperial Camel Rider
43:23 Light Cavalry
44:02 Elite Skirmisher
46:12 Hussar
48:07 Leather Archer Armor
47:20 Pikeman
48:01 Squires
Connection lost

Rejoining the realm…

Still unreachable

The connection could not be restored.

Session expired

The server has moved on; the page needs a fresh start.